Map: Overgrowth LE (Void)

Players

Gremory

  • Race: Zerg Zerg
  • League: Master
  • Spawn Location: 7:00

Megami

  • Race: Zerg Zerg
  • Spawn Location: 1:00

soul - Winner!

  • Race: Terran Terran
  • League: Master

Elazer - Winner!

  • Race: Terran Terran
  • League: Master

VOD

Have the link to the VOD?

Description

Time

  • Played on: Nov. 26, 2016, 1 p.m.
  • Length: 8:46
Show
View Real Time Build Order
Export as new Build Order

Gremory Zerg 

Build Orders: Pool First 

Get SALT Encoding   

  12  0:01  Drone  
  13  0:14  Overlord  
  13  0:17  Drone  
  14  0:32  Drone x2  
  16  0:37  Drone  
  16  0:39  Extractor  
  16  0:48  Spawning Pool  
  15  0:50  Drone  
  16  0:58  Drone  
  17  1:09  Drone  
  18  1:24  Hatchery  
  17  1:36  Zergling x2, Queen  
  17  1:39  Drone  
  21  1:42  Drone  
  22  1:58  Roach Warren  
  22  1:59  Drone  
  22  2:03  Overlord  
  22  2:13  Overlord  
  22  2:39  Roach x2  
  22  2:40  Roach  
  28  2:45  Roach  
  28  2:46  Roach x2  
  36  2:51  Roach  
  36  2:59  Overlord  
  36  3:00  Drone  
  37  3:06  Ravager x2  
  37  3:08  Drone x2  
  41  3:17  Drone x3  
  41  3:19  Drone  
  45  3:28  Drone  
  45  3:31  Queen  
  45  3:32  Drone  
  49  3:37  Ravager  
  49  3:38  Overlord  
  49  3:40  Drone  
  51  3:43  Drone  
  52  4:04  Drone x5  
  52  4:06  Hatchery  
  56  4:11  Drone  
  56  4:14  Queen  
  59  4:23  Spore Crawler  
  58  4:28  Overlord, Drone  
  58  4:29  Extractor  
  59  4:32  Evolution Chamber  
  58  4:43  Drone x2  
  58  4:45  Overlord  
  60  4:57  Drone x2  
  60  4:58  Drone x2  
  62  5:01  Zerg Ground Armor Level 1  
  62  5:03  Evolution Chamber  
  60  5:10  Roach x3  
  60  5:11  Overlord  
  60  5:12  Drone x2  
  69  5:14  Metabolic Boost, Extractor  
  69  5:17  Extractor  
  69  5:19  Drone x3  
  70  5:30  Roach x3  
  71  5:36  Zergling x10  
  76  5:43  Roach  
  76  5:44  Roach  
  80  5:52  Zergling x2  
  80  5:53  Overlord x2  
  81  6:02  Zergling x2  
  81  6:03  Overlord  
  82  6:11  Overlord  
  82  6:17  Overlord x2  
  86  6:18  Roach x2  
  86  6:26  Overlord  
  86  6:28  Ravager  
  89  6:32  Roach  
  89  6:33  Roach  
  89  6:35  Zergling x2  
  89  6:36  Zergling x2  
  89  6:38  Zergling x2  
  84  6:41  Roach  
  84  6:45  Ravager x3  
  88  6:49  Roach x2  
  88  6:52  Ravager  
  88  6:53  Ravager  
  94  7:00  Roach x2  
  97  7:03  Zergling x2  
  97  7:04  Zergling x2  
  99  7:09  Roach x2  
  103  7:18  Overlord x2  
  103  7:27  Overlord x2  
  80  7:37  Zergling x2  
  80  7:38  Zergling x8  
  80  7:42  Zergling x2  
  80  7:43  Zergling x2  
  77  7:46  Ravager x4  
  77  7:50  Ravager x2  
  83  7:52  Drone  
  83  7:54  Ravager  
  73  8:08  Zergling x2  
  73  8:09  Zergling x12  
  67  8:13  Roach  
  67  8:14  Ravager x2  
  67  8:16  Zergling x2  
  68  8:24  Roach x2  
Show
View Real Time Build Order
Export as new Build Order

Megami Zerg 

Build Orders:  

Get SALT Encoding   

  12  0:00  SCV  
  13  0:13  SCV  
  14  0:17  Supply Depot  
  14  0:25  SCV  
  15  0:39  SCV  
  15  0:41  Barracks  
  16  0:45  Refinery  
  16  0:51  SCV  
  17  1:03  SCV  
  18  1:15  SCV  
  19  1:30  Orbital Command, Reaper  
  20  1:39  Command Center  
  20  1:49  Barracks  
  20  1:57  SCV  
  20  2:01  Supply Depot  
  21  2:04  Barracks Reactor  
  21  2:09  SCV  
  21  2:12  Refinery  
  22  2:21  SCV  
  23  2:29  Factory  
  23  2:33  SCV  
  24  2:37  Barracks Tech Lab  
  24  2:40  Marine  
  24  2:41  Marine  
  26  2:45  SCV  
  27  2:52  Orbital Command  
  27  2:56  Stimpack  
  27  2:57  SCV  
  28  3:02  Marine x2  
  28  3:04  Marine  
  31  3:11  SCV  
  32  3:18  SCV  
  32  3:19  Marine x2  
  33  3:22  Marine  
  33  3:23  SCV  
  37  3:31  Bunker  
  37  3:32  Factory Reactor  
  37  3:35  Starport  
  37  3:39  Marine  
  37  3:40  Marauder, Marine  
  42  3:49  Supply Depot  
  42  3:50  Orbital Command, SCV  
  43  3:56  Marine  
  43  3:58  Marine  
  43  4:02  SCV  
  44  4:10  Marine  
  44  4:14  SCV  
  46  4:17  SCV  
  46  4:19  Medivac, Supply Depot  
  46  4:22  Medivac  
  51  4:25  Marine  
  51  4:27  Marine  
  51  4:29  Factory Tech Lab  
  51  4:30  Orbital Command  
  53  4:36  Supply Depot  
  53  4:37  SCV  
  54  4:40  Marauder  
  56  4:50  SCV  
  56  4:51  Supply Depot  
  57  4:56  Medivac x2  
  57  4:57  Marine x2  
  57  4:58  SCV  
  64  5:04  SCV  
  64  5:07  Supply Depot  
  64  5:09  Refinery  
  64  5:10  SCV  
  64  5:11  Combat Shields  
  64  5:13  Supply Depot, Marine  
  66  5:16  SCV  
  66  5:20  Marine  
  68  5:22  Marine  
  68  5:23  SCV  
  68  5:28  SCV  
  71  5:31  Marine  
  71  5:32  Supply Depot  
  71  5:35  SCV  
  73  5:38  Marine  
  73  5:40  SCV, Supply Depot, Marine  
  76  5:42  Supply Depot  
  76  5:47  SCV  
  76  5:48  Siege Tank  
  76  5:49  Marine  
  81  5:56  Marine  
  82  5:57  SCV  
  82  5:58  Marine  
  82  5:59  Medivac x2  
  82  6:01  SCV  
  89  6:07  Supply Depot, Marine  
  89  6:09  SCV  
  91  6:13  Refinery  
  91  6:14  Marine  
  91  6:16  Marine  
  92  6:30  SCV  
  91  6:33  Marine  
  91  6:34  Marine  
  91  6:35  Engineering Bay  
  91  6:36  Marine, Engineering Bay, SCV  
  91  6:42  Command Center, SCV  
  91  6:46  Concussive Shells  
  91  6:48  SCV  
  91  6:49  Medivac  
  91  6:52  Barracks  
  91  6:53  Medivac  
  95  6:54  Barracks  
  95  6:55  SCV  
  96  7:03  Barracks  
  96  7:08  SCV  
  96  7:09  SCV  
  96  7:10  Marine  
  96  7:13  Marine  
  96  7:14  Marine  
  101  7:18  Siege Tank  
  101  7:21  SCV  
  105  7:26  Liberator  
  105  7:28  Liberator, Marine  
  105  7:33  Marauder  
  105  7:35  Marine  
  97  7:39  Marine  
  94  7:46  Marine  
  94  7:48  Marine  
  94  7:50  Siege Tank  
  100  7:52  Marine  
  100  7:53  Marine  
  100  7:54  Marine  
  100  7:57  Marine  
  101  8:04  Marine  
  88  8:05  Marine  
  88  8:10  Marine  
  88  8:11  Marine x2  
  86  8:15  Marine  
  86  8:16  Orbital Command  
  81  8:21  Marine  
  81  8:23  Marine  
  82  8:28  Marine  
Show
View Real Time Build Order
Export as new Build Order

soul Terran - Winner!

Build Orders:  

Get SALT Encoding   

Show
View Real Time Build Order
Export as new Build Order

Elazer Terran - Winner!

Build Orders:  

Get SALT Encoding   

Tags
 
Add a new tag
Caveats
  • Supply blocks, unpowered buildings, or Contaminate may cause inaccurate times.
  • Supply counts are checked every 10 seconds.